 Dungeon Crawl Stone Soup version 0.28.0-1-gb440e238dd (webtiles) character file.

Game seed: 9549618965498913898

242 JuozasPetrasionis the Skirmisher (level 6, -5/56 HPs)
             Began as a Hill Orc Fighter on Feb 21, 2022.
             Was an Initiate of Makhleb.
             Slain by an ogre (30 damage)
             ... on level 4 of the Dungeon.
             The game lasted 00:25:28 (3948 turns).

JuozasPetrasionis the Skirmisher (Hill Orc Fighter) Turns: 3948, Time: 00:25:28

Health: -5/56      AC:  8    Str: 21    XL:     6   Next: 9%
Magic:  6/6        EV:  6    Int:  8    God:    Makhleb [......]
Gold:   122        SH: 12    Dex: 10    Spells: 5/5 levels left

rFire   . . .      SeeInvis .   s - +2 mace (holy)
rCold   . . .      Faith    .   m - +0 tower shield
rNeg    . . .      Spirit   .   b - +0 scale mail
rPois   .          Reflect  .   (no helmet)
rElec   .          Harm     .   (no cloak)
rCorr   .          Rampage  .   k - +0 pair of gloves
Will    .....                   (no boots)
Stlth   ..........              (no amulet)
HPRegen 0.18/turn               (no ring)
MPRegen 0.10/turn               (no ring)

@: no status effects
A: no striking features
a: Renounce Religion


You were on level 4 of the Dungeon.
You worshipped Makhleb.
Makhleb was noncommittal.
You visited 2 branches of the dungeon, and saw 5 of its levels.

You collected 122 gold pieces.

Inventory:

Hand Weapons
 a - a +0 war axe
 s - a +2 mace of holy wrath (weapon)
Armour
 b - a +0 scale mail (worn)
 k - a +0 pair of gloves (worn)
 m - a +0 tower shield (worn)
Jewellery
 t - a ring of poison resistance
 u - a ring of magical power
Wands
 f - a wand of flame (16)
 v - a wand of polymorph (9)
Scrolls
 d - a scroll of teleportation
 g - a scroll of enchant armour
 h - a scroll of magic mapping
 l - a scroll of fear {unknown}
 n - a scroll of blinking {unknown}
 o - a scroll of holy word {unknown}
 p - a scroll of vulnerability {unknown}
Potions
 c - a potion of resistance {unknown}
 e - a potion of heal wounds {unknown}
 i - 2 potions of magic {unknown}
 j - 2 potions of brilliance {unknown}
 q - 2 potions of berserk rage {unknown}
 r - 2 potions of curing {unknown}


   Skills:
 * Level 5.3 Fighting
 - Level 4.0(4.2) Axes
 * Level 1.5(2.6) Maces & Flails
 + Level 4.3 Armour
 * Level 4.6 Shields
 + Level 0.3 Invocations


You had 5 spell levels left.
You didn't know any spells.
Your spell library contained the following spells:

 Spells                   Type           Power      Damage    Failure   Level
 Summon Guardian Golem    Hex/Summ       0%         N/A       100%        3
 Orb of Destruction       Conj           0%         9d5       100%        7
 Spellforged Servitor     Conj/Summ      0%         N/A       100%        7


Dungeon Overview and Level Annotations

Branches:
Dungeon (4/15)             Temple (1/1) D:4

Altars:
Ashenzari
Cheibriados
Dithmenos
Elyvilon
Fedhas
Hepliaklqana
Makhleb
Nemelex Xobeh
Okawaru
Qazlal
Ru
Sif Muna
Trog
Uskayaw
Vehumet
Wu Jian
Xom
Yredelemnul
The Shining One

Annotations:
D:4 Menkaure


Message History

You barely miss the shadow imp.
The shadow imp is severely wounded.
You block the shadow imp's attack. The shadow imp barely misses you.
You hit the shadow imp.
The shadow imp convulses.
The shadow imp is almost dead.
The shadow imp gestures at you. Pain shoots through your body!
You sock the shadow imp!
You kill the shadow imp!
Makhleb accepts your kill. The endoplasm hits you.
You barely miss the endoplasm. You block the endoplasm's attack.
You hit the endoplasm.
The endoplasm is severely wounded.
You block the endoplasm's attack.
The endoplasm hits you but does no damage.
You hit the endoplasm.
The endoplasm is almost dead.
You block the endoplasm's attack. The endoplasm freezes you.
You are frozen.
You hit the endoplasm.
You kill the endoplasm!
Makhleb accepts your kill.
You start resting.
An ogre comes into view. It is wielding a +0 giant spiked club.
The ogre shouts!
You closely miss the ogre. You block the ogre's attack.
The ogre barely misses you.
You thump the ogre!
The ogre is moderately wounded.
You block the ogre's attack.
You barely miss the ogre.
The ogre is moderately wounded.
The ogre closely misses you.
You barely miss the ogre.
The ogre is moderately wounded.
The ogre hits you with a +0 giant spiked club!! x2
Ouch! That really hurt!
You die...

#.. #.#
#.#
#.#######
#........
#.#######
#.# #O#
##@##
#...#
#.....#
#....#..#
##.....##
##...##
##...
##.## .#


You could see an ogre.

Vanquished Creatures
  A jelly (D:4)
  A hound (D:4)
  Ijyb (D:4)
  An iguana (D:3)
  A hound skeleton (D:3)
  2 adders
  A shadow imp (D:4)
  2 worms (D:3)
  2 dart slugs
  4 bats
  7 endoplasms
  13 giant cockroaches
  8 goblins
  7 hobgoblins
  4 jackals
  5 kobolds
  2 quokkas
  9 ball pythons
  6 frilled lizards
  5 rats
82 creatures vanquished.

Vanquished Creatures (others)
  2 plants (D:1)
2 creatures vanquished.

Grand Total: 84 creatures vanquished

Notes
Turn   | Place    | Note
-------+----------+-------------------------------------------
     0 | D:1      | JuozasPetrasionis the Hill Orc Fighter began the quest for
                  | the Orb.
     0 | D:1      | Reached XP level 1. HP: 19/19 MP: 1/1
    42 | D:1      | Reached XP level 2. HP: 19/27 MP: 2/2
   330 | D:1      | Reached skill level 4 in Fighting
   391 | D:1      | Found a faded altar of an unknown god.
   549 | D:1      | Reached XP level 3. HP: 33/33 MP: 3/3
  1465 | D:2      | You fall into a shaft and drop 1 floor!
  1478 | D:3      | Reached XP level 4. HP: 36/41 MP: 4/4
  2334 | D:3      | Reached XP level 5. HP: 47/47 MP: 5/5
  2465 | D:3      | Found a sacrificial altar of Ru.
  2473 | D:3      | Found a shimmering blue altar of Sif Muna.
  2475 | D:3      | Found an ornate altar of the Wu Jian Council.
  2482 | D:3      | Found a white marble altar of Elyvilon.
  3290 | D:4      | Reached skill level 5 in Fighting
  3385 | D:4      | Noticed Ijyb
  3406 | D:4      | Killed Ijyb
  3407 | D:4      | Reached skill level 1 in Maces & Flails
  3561 | D:4      | Found a staircase to the Ecumenical Temple.
  3603 | Temple   | Entered the Ecumenical Temple
  3628 | Temple   | Became a worshipper of Makhleb the Destroyer
  3650 | D:4      | Reached XP level 6. HP: 27/56 MP: 6/6
  3887 | D:4      | Noticed Menkaure
  3948 | D:4      | Slain by an ogre

Illustrated notes

Levels and vault maps discovered:
D:1:      eino_arrival_druids_welcome, layout_basic,
          ebering_ecumenical_altar_mist
D:2:      layout_loops_cross, minmay_octomino_c4
D:3:      layout_loops_ring, minitemple
D:4:      layout_loops_ring, nicolae_kikubaaqudgha_miasma_corner,
          minmay_temple_entry_grid, nicolae_shop_clearance, uniq_menkaure,
          uniq_natasha, uniq_ijyb
Temple:   minmay_freezing_vapour_temple

Skill      XL: |  1  2  3  4  5 |
---------------+----------------+-----
Axes           | 3 4 |  4.0
Fighting       | 4 5 |  5.3
Shields        | 4 |  4.6
Armour         | 4 |  4.3
Maces & Flails | 1 |  1.5
Invocations    | |  0.3

Action                   |  1- 3 |  4- 6 || total
-------------------------+-------+-------++-------
Melee: War axe           |   150 |    68 ||   218
       Mace              |       |    66 ||    66
  Use: Potion            |     2 |       ||     2
       Scroll            |     1 |     3 ||     4
Armor: Scale mail        |    67 |    49 ||   116
Dodge: Dodged            |    70 |    31 ||   101
Block: Buckler           |    35 |       ||    35
       Tower shield      |     9 |    85 ||    94
